 Dungeon Crawl Stone Soup version 0.20-a0-893-g832831a (webtiles) character file.

154 4thArraOfDagon the Cudgeler (level 5, -1/37 HPs)
             Began as a Mummy Wanderer on Mar 17, 2017.
             Shot with an arrow by a centaur (18 damage)
             ... on level 7 of the Dungeon.
             The game lasted 00:04:40 (1912 turns).

4thArraOfDagon the Cudgeler (Mummy Wanderer)        Turns: 1912, Time: 00:04:41

Health: -1/37      AC:  3    Str: 15    XL:     5   Next: 13%
Magic:  5/5        EV: 11    Int: 13    God:
Gold:   112        SH:  0    Dex: 11    Spells: 4/4 levels left

rFire    x . .     SeeInvis +   i - +2 war axe (venom)
rCold    + . .     Gourm    .   e - +0 robe
rNeg     + + +     Faith    .   (no shield)
rPois    ∞         Spirit   .   (no helmet)
rElec    .         Reflect  .   m - +0 cloak
rCorr    .         Harm     .   (no gloves)
MR       .....                  (no boots)
Stlth    +.........             (no amulet)
Regen    0.2/turn               (no ring)
MPRegen  0.1/turn               f - ring of see invisible

@: no status effects
A: no food or potions, fire vulnerability, cold resistance 1, negative energy
resistance 3, torment resistance, unbreathing
a: no special abilities


You were on level 7 of the Dungeon.
You were not hungry.

You visited 1 branch of the dungeon, and saw 7 of its levels.

You collected 112 gold pieces.

Inventory:

Hand Weapons
 a - a +2 mace
 b - a +0 hand crossbow
 i - a +2 war axe of venom (weapon)
Missiles
 c - 43 bolts
Armour
 e - a +0 robe (worn)
 m - a +0 cloak (worn)
Jewellery
 f - a ring of see invisible (left hand)
Scrolls
 d - a scroll of teleportation
 g - a scroll of amnesia
 h - 3 scrolls of remove curse {unknown}
 j - a scroll of enchant weapon {unknown}
 k - a scroll of fog
 l - a scroll of fear {unknown}


   Skills:
 - Level 1.0 Fighting
 * Level 2.6(3.9) Axes
 - Level 4.4(4.8) Maces & Flails
 + Level 2.8 Armour
 - Level 1.0 Stealth
   Level 1.0 Shields


You had 4 spell levels left.
You didn't know any spells.

Dungeon Overview and Level Annotations

Branches:
Dungeon (7/15)
 Temple: D:4-7

Altars:
Nemelex Xobeh
Xom
The Shining One


Innate Abilities, Weirdness & Mutations

You do not eat or drink.
Your flesh is vulnerable to fire.
You are immune to poison.
Your flesh is cold resistant. (rC+)
You are immune to negative energy. (rN+++)
You are immune to unholy pain and torment.
You can survive without breathing.


Message History

You hit the adder.
The adder is almost dead.
The adder bites you. The adder misses you.
You hit the adder.
You kill the adder!
No target in view!
There is a stone staircase leading down here.
You climb downwards.
A centaur comes into view.
Found 11 gold pieces.
Found a stone staircase leading up.
There is a stone staircase leading up here.
Unknown command.
The centaur shouts!
The centaur wields a runed shortbow.
The centaur shoots an arrow.
The arrow hits you.
There is a stone staircase leading up here.
Unknown command.
Unknown command.
The centaur shoots an arrow.
The arrow hits you!!
You die...

$##########
..........#
.#####<..#
..c.....@.#
..........#
..#####...#
....#
###..# ...#
...# ...#


You could see a centaur.

Vanquished Creatures
  A scorpion (D:4)
  A bullfrog skeleton (D:4)
  3 adders
  2 adder skeletons (D:2)
  2 worms
  A leopard gecko (D:5)
  A bat zombie (D:2)
  2 giant cockroaches
  10 goblins
  2 hobgoblins
  2 bats
  2 frilled lizards
  2 giant cockroach zombies (D:2)
  2 kobolds
  A leopard gecko skeleton (D:4)
  8 rats
42 creatures vanquished.

Notes
Turn   | Place    | Note
-------+----------+-------------------------------------------
     0 | D:1      | 4thArraOfDagon the Mummy Wanderer began the quest for the Orb.
     0 | D:1      | 4thArraOfDagon set off with: a +2 mace, a +0 hand crossbow, 31 bolts, a scroll of teleportation, a +0 robe
     0 | D:1      | Reached XP level 1. HP: 15/15 MP: 1/1
   101 | D:1      | Reached XP level 2. HP: 21/21 MP: 2/2
   594 | D:2      | Reached XP level 3. HP: 10/26 MP: 3/3
   758 | D:2      | Reached skill level 1 in Axes
   829 | D:3      | Found a shimmering altar of Xom.
  1144 | D:2      | You fall through a shaft for 2 floors!
  1144 | D:4      | Found a sparkling altar of Nemelex Xobeh.
  1159 | D:4      | Noticed a scorpion
  1164 | D:4      | Killed a scorpion
  1164 | D:4      | Reached XP level 4. HP: 13/32 MP: 4/4
  1676 | D:4      | Reached XP level 5. HP: 34/37 MP: 5/5
  1689 | D:4      | Noticed a black bear
  1708 | D:5      | Entered Level 5 of the Dungeon
  1760 | D:5      | Found a glowing golden altar of the Shining One.
  1910 | D:7      | Noticed a centaur
  1912 | D:7      | Shot with an arrow by a centaur

Vault maps used:
D:1:      dpeg_arrival_rhombus, minmay_hexomino_u4
D:2:      serial_undead, serial_undead_b, serial_undead_e, serial_undead_f,
          serial_undead_a, uniq_terence
D:3:      lemuel_coloured_pillars_altar,
          chequers_temple_overflow_statue_of_worship, xom_teletrap_fun,
          nicolae_ru_awakened_eye
D:4:      nemelex_xobeh_ov_fountains_minmay, kennysheep_little_box,
          kennysheep_vampire_church, serial_shops, shop_fountains, first_bread
D:5:      corexii_shack, nicolae_tso_carved_into_rock
D:6:      minmay_temple_entry_from_below_a, gup_ossuary_entry_pyramid,
          st_stairs_8
D:7:      lemuel_blue_sif_altar, grunt_livestock, uniq_pikel

Skill      XL: |  1  2  3  4 |
---------------+-------------+-----
Armour         | 2 |  2.8
Axes           | 1 2 |  2.6
Fighting       | |  1.0
Maces & Flails | |  4.4
Stealth        | |  1.0
Shields        | |  1.0

Action                   |  1- 3 |  4- 6 || total
-------------------------+-------+-------++-------
Melee: Mace              |    42 |       ||    42
       War axe           |    43 |    43 ||    86
  Use: Scroll            |       |     4 ||     4
 Stab: Sleeping          |     2 |     2 ||     4
Armor: Robe              |    13 |     7 ||    20
Dodge: Dodged            |    44 |    28 ||    72
